Map: Orbital Shipyard

Players

ILLBdA - Winner!

  • Race: Protoss Protoss
  • League: Diamond

KlngSlayer

  • Race: Protoss Protoss
  • League: Diamond

VOD

Have the link to the VOD?

Description

Time

  • Played on: Dec. 17, 2015, 9:24 a.m.
  • Length: 3:21
Show
View Real Time Build Order
Export as new Build Order

ILLBdA Protoss - Winner!

Build Orders: Cannon Rush 

Get SALT Encoding   

  12  0:01  Probe (Chrono Boost)  
  13  0:11  Probe (Chrono Boost)  
  14  0:17  Pylon  
  14  0:22  Probe (Chrono Boost)  
  15  0:36  Forge  
  15  0:38  Probe (Chrono Boost)  
  16  0:48  Probe (Chrono Boost)  
  17  0:59  Probe (Chrono Boost)  
  18  1:09  Probe (Chrono Boost)  
  19  1:19  Pylon  
  19  1:20  Probe (Chrono Boost), Pylon  
  19  1:21  Pylon  
  20  1:37  Photon Cannon  
  20  1:41  Photon Cannon  
  20  1:42  Photon Cannon  
  20  1:48  Pylon  
  20  1:56  Pylon  
  20  2:01  Probe (Chrono Boost)  
  20  2:13  Photon Cannon  
  20  2:14  Photon Cannon  
  20  2:26  Gateway  
  20  2:28  Assimilator  
  19  2:36  Photon Cannon  
  19  2:45  Photon Cannon  
  19  2:48  Probe (Chrono Boost)  
  20  2:54  Assimilator  
  20  2:56  Pylon  
  19  3:15  Cybernetics Core  
Show
View Real Time Build Order
Export as new Build Order

KlngSlayer Protoss 

Build Orders:  

Get SALT Encoding   

  12  0:01  Probe (Chrono Boost)  
  13  0:11  Probe (Chrono Boost)  
  14  0:18  Pylon  
  14  0:22  Probe (Chrono Boost)  
  15  0:36  Probe (Chrono Boost), Gateway  
  16  0:45  Assimilator  
  16  0:47  Probe (Chrono Boost)  
  17  0:52  Assimilator  
  17  0:57  Probe (Chrono Boost)  
  18  1:08  Probe (Chrono Boost)  
  19  1:18  Probe (Chrono Boost)  
  19  1:25  Zealot (Chrono Boost)  
  22  1:40  Forge  
  22  2:00  Pylon  
  22  2:11  Zealot (Chrono Boost)  
  22  2:17  Photon Cannon  
  22  2:22  Photon Cannon  
  18  2:44  Photon Cannon  
  13  3:12  Photon Cannon  
Tags
 
Matchup
PvP
Replay Pack
me
Add a new tag
Caveats
  • Supply blocks, unpowered buildings, or Contaminate may cause inaccurate times.
  • Supply counts are checked every 10 seconds.